 Dungeon Crawl Stone Soup version 0.29-a0-841-g116ddc6ace (webtiles) character file.

Game seed: 1562915747020360109

0 mcwallace the Vexing (level 1, 0/17 HPs)
             Began as a Gnoll Arcane Marksman on July 15, 2022.
             Slain by a gnoll
             ... wielding a +0 whip
              (5 damage)
             ... on level 1 of the Dungeon.
             The game lasted 00:00:42 (11 turns).

mcwallace the Vexing (Gnoll Arcane Marksman)          Turns: 11, Time: 00:00:43

Health: 0/17       AC:  2    Str:  9    XL:     1   Next: 10%
Magic:  2/4        EV: 13    Int: 12    God:
Gold:   0          SH:  0    Dex: 12    Spells: 4/5 levels left

rFire   . . .      SeeInvis .   a - +0 sling
rCold   . . .      Faith    .   (no shield)
rNeg    . . .      Spirit   .   c - +0 robe
rPois   .          Reflect  .   (no helmet)
rElec   .          Harm     .   (no cloak)
rCorr   .          Rampage  .   (no gloves)
Will    .....                   (no boots)
Stlth   +.........              (no amulet)
HPRegen 0.05/turn               (no ring)
MPRegen 0.09/turn               (no ring)

@: no status effects
A: fangs 1, strong nose, distributed training
a: no special abilities


You were on level 1 of the Dungeon.
You visited 1 branch of the dungeon, and saw 1 of its levels.


Innate Abilities, Weirdness & Mutations

You have very sharp teeth.
Your uncanny sense of smell can sniff out nearby items.
Your experience applies equally to all skills.


   Skills:
 + Level 2.3 Fighting
 + Level 0.0 Short Blades
 + Level 0.0 Long Blades
 + Level 0.0 Axes
 + Level 0.0 Maces & Flails
 + Level 0.0 Polearms
 + Level 0.0 Staves
 + Level 4.4 Ranged Weapons
 + Level 0.0 Throwing
 + Level 0.0 Armour
 + Level 4.4 Dodging
 + Level 0.0 Stealth
 + Level 0.0 Shields
 + Level 0.0 Unarmed Combat
 + Level 2.6 Spellcasting
 + Level 0.0 Conjurations
 + Level 5.3 Hexes
 + Level 0.0 Summonings
 + Level 0.0 Necromancy
 + Level 0.0 Translocations
 + Level 0.0 Transmutations
 + Level 0.0 Fire Magic
 + Level 0.0 Ice Magic
 + Level 0.0 Air Magic
 + Level 0.0 Earth Magic
 + Level 0.0 Poison Magic
 + Level 0.0 Invocations
 + Level 0.0 Evocations


You had 4 spell levels left.
You knew the following spells:

 Your Spells              Type           Power      Damage    Failure   Level
a - Slow                  Hex            56%        N/A       3%          1

Your spell library contained the following spells:

 Spells                   Type           Power      Damage    Failure   Level
 Inner Flame              Hex/Fire       7%         N/A       26%         3
 Portal Projectile        Hex/Tloc       14%        N/A       26%         3
 Cause Fear               Hex            7%         N/A       28%         4

Inventory:

Hand Weapons
 a - a +0 sling (weapon)
Armour
 c - a +0 robe (worn)
Scrolls
 b - a scroll of vulnerability {!r!r}

Dungeon Overview and Level Annotations

Branches:
Dungeon (1/15) Zot: 5987

Altars:

##
#+#######..#
###.##....)...
#P≈.♣#........
#P≈<.'@g......
#P≈.♣#........
###.##....$...
#+##......#.
#......#
.......#
#......#
.......#


You could see a gnoll.


Message History

🤖 Initializing magus.rc ...
Options error: Delay interrupt name "hungry" not recognised. (~/.crawlrc:4770) Options error: Bad monster_list_colour key: strict_neutral (~/.crawlrc:4785) Bad channel name for runrest: 'pray:' ✅ Successfully initialized magus.rc [v1.9.6] Welcome, mcwallace the Gnoll Arcane Marksman.
A smirking vizier told you that the Orb of Zot is just within this dungeon.
Press ? for a list of commands and other information.
Found a staircase leading out of the dungeon.
Casting: Slow (safe; 3% risk of failure)
Confirm with . or Enter, or press ? or * to list all spells.
Okay, then.
You open the door.
A kobold and a gnoll come into view.
There is an open door here.
The gnoll shouts!
There are no items here.
There are no items here.
Aiming: Slow (safe; 3% risk of failure)
Press: ? - help, Q - select action, (/) - cycle Shift-Dir - straight line, f - kobold
Aim: a kobold, wielding a +0 dagger (chance to affect: 71%)
The kobold seems to slow down. 😎 MP[-1]
You lost 1 mp, and now have 3/4 mp.
Aiming: Slow (safe; 3% risk of failure)
Press: ? - help, Q - select action, (/) - cycle Shift-Dir - straight line, f/p - kobold
Aim: a kobold, wielding a +0 dagger (slow, chance to affect: 71%)
Okay, then.
Fire: a) +0 sling
Press: ? - help, Q - select action, (/) - cycle Shift-Dir - straight line, f/p - kobold
Aim: a kobold, wielding a +0 dagger (slow, 50% to hit)
You shoot a sling bullet.
The sling bullet hits the kobold but does no damage.
Fire: a) +0 sling
Press: ? - help, Q - select action, (/) - cycle Shift-Dir - straight line, f/p - kobold
Aim: a kobold, wielding a +0 dagger (slow, 50% to hit)
You shoot a sling bullet. The sling bullet hits the kobold.
You kill the kobold!
Fire: a) +0 sling
Press: ? - help, Q - select action, (/) - cycle Shift-Dir - straight line, f - gnoll
Aim: a gnoll, wielding a +0 whip (61% to hit)
You shoot a sling bullet.
The sling bullet hits the gnoll but does no damage.
Fire: a) +0 sling
Press: ? - help, Q - select action, (/) - cycle Shift-Dir - straight line, f/p - gnoll
Aim: a gnoll, wielding a +0 whip (61% to hit)
You shoot a sling bullet.
The sling bullet barely misses the gnoll.
The gnoll hits you with a +0 whip. 😕 HP[-2]
You take 2 damage, and now have 15/17 hp.
Fire: a) +0 sling
Press: ? - help, Q - select action, (/) - cycle Shift-Dir - straight line, f/p - gnoll
Aim: a gnoll, wielding a +0 whip (61% to hit)
You shoot a sling bullet.
The sling bullet closely misses the gnoll.
The gnoll closely misses you.
Casting: Slow (safe; 3% risk of failure)
Confirm with . or Enter, or press ? or * to list all spells.
Aiming: Slow (safe; 3% risk of failure)
Press: ? - help, Shift-Dir - straight line, f/p - gnoll
Aim: a gnoll, wielding a +0 whip (chance to affect: 62%)
The gnoll resists with significant effort.
The gnoll hits you with a +0 whip!
Ouch! That really hurt!
* * * LOW HITPOINT WARNING * * *
😨 HP[-10] MP[-1]
You take 10 damage, and now have 5/17 hp.
MASSIVE DAMAGE!! (PAUSE)
You lost 1 mp, and now have 2/4 mp.
Fire: a) +0 sling
Press: ? - help, Q - select action, (/) - cycle Shift-Dir - straight line, f/p - gnoll
Aim: a gnoll, wielding a +0 whip (61% to hit)
You shoot a sling bullet. The sling bullet hits the gnoll.
The gnoll closely misses you. The gnoll hits you with a +0 whip.
You die...

Action                   || total
-------------------------++-------
 Fire: Sling             ||     6
 Cast: Slow              ||     2
Dodge: Dodged            ||     2

Levels and vault maps discovered:
D:1:      tarquinn_simple_flora_water_e, layout_basic, serial_shops, shop,
          hellmonk_ecumenical_altar_lost_god, palyth_stone_intersect,
          minmay_tiny_reverse_x

Notes
Turn   | Place    | Note
-------+----------+-------------------------------------------
     0 | D:1      | mcwallace the Gnoll Arcane Marksman began the quest for the
                  | Orb.
     0 | D:1      | Reached XP level 1. HP: 17/17 MP: 4/4
     0 | D:1      | magus.rc [v1.9.6]
    11 | D:1      | Slain by a gnoll

Vanquished Creatures
  A kobold (D:1)
1 creature vanquished.

Table legend:
 A = Non-vault XP
 B = Vault XP
 C = Vault XP percentage of total XP
 D = Non-vault monster count
 E = Vault monster count
 F = Vault count percentage of total count
                 A         B        C        D         E       F
            +---------+---------+-------+---------+---------+-------
      Total |       1 |       0 |   0.0 |       1 |       0 |   0.0
            +---------+---------+-------+---------+---------+-------
        D:1 |       1 |       0 |   0.0 |       1 |       0 |   0.0
            +---------+---------+-------+---------+---------+-------

Illustrated notes

Table legend:
 A = Kills in this place as a percentage of kills in entire the game.
 B = Kills by you in this place as a percentage of kills by you in the entire game.
 C = Kills by friends in this place as a percentage of kills by friends in the entire game.
 D = Other kills in this place as a percentage of other kills in the entire game.
 E = Experience gained in this place as a percentage of experience gained in the entire game.
 F = Experience gained in this place divided by the number of levels of this place that you have seen.
                   A       B       C       D       E      F
               +-------+-------+-------+-------+-------+----------------------
         Total | 100.0 | 100.0 |   N/A |   N/A | 100.0 |   1.0
       Dungeon | 100.0 | 100.0 |   N/A |   N/A | 100.0 |   1.0
               +-------+-------+-------+-------+-------+----------------------

Table legend: (Time is in decaauts)
 A = Elapsed time spent in this place.
 B = Non-inter-level travel time spent in this place.
 C = Inter-level travel time spent in this place.
 D = Time resting spent in this place.
 E = Time spent auto-exploring this place.
 F = Levels seen in this place.
 G = Mean time per level.
                   A        B        C        D        E       F      G
               +--------+--------+--------+--------+--------+-----+--------+
         Total |     11 |     11 |      0 |      0 |      0 |   1 |   11.0 |
       Dungeon |     11 |     11 |      0 |      0 |      0 |   1 |   11.0 |
               +--------+--------+--------+--------+--------+-----+--------+

Top non-repeatable levels by time:
     D:1: 11 daAuts
